Map: [ESL] Waterfall

Players

Serral - Winner!

  • Race: Zerg Zerg
  • Spawn Location: 1:00

Solar

  • Race: Zerg Zerg
  • Spawn Location: 7:00

Event: TSL 9

VOD

Have the link to the VOD?

Description

Time

  • Played on: July 29, 2022, 6:18 a.m.
  • Length: 8:50

All games in this series

Show
View Real Time Build Order
Export as new Build Order

Serral Zerg - Winner!

Build Orders: Pool First 

Get SALT Encoding   

  12  0:00  Drone  
  13  0:12  Overlord  
  13  0:17  Drone  
  14  0:30  Drone x2  
  14  0:35  Drone  
  17  0:44  Spawning Pool  
  17  0:48  Drone  
  17  1:08  Hatchery  
  17  1:11  Drone  
  17  1:13  Extractor  
  17  1:15  Drone  
  17  1:30  Queen  
  17  1:31  Zergling x2  
  20  1:33  Drone  
  20  1:39  Drone  
  22  1:48  Overlord  
  22  2:06  Queen  
  22  2:07  Drone  
  25  2:10  Drone  
  25  2:14  Metabolic Boost  
  26  2:19  Drone  
  27  2:24  Drone  
  28  2:30  Drone  
  28  2:32  Drone  
  28  2:35  Baneling Nest  
  29  2:42  Drone x4  
  33  2:47  Overlord  
  33  2:52  Zergling x2  
  36  3:10  Drone  
  37  3:14  Zergling x12  
  43  3:22  Overlord  
  41  3:28  Zergling x2  
  41  3:30  Evolution Chamber  
  41  3:32  Baneling x2  
  41  3:33  Evolution Chamber  
  40  3:35  Baneling  
  40  3:36  Baneling  
  40  3:40  Baneling  
  40  3:44  Queen  
  45  3:48  Zergling x4  
  45  3:49  Overlord  
  45  3:50  Drone x3  
  45  3:51  Overlord  
  45  3:53  Drone  
  45  3:55  Drone  
  52  3:59  Baneling  
  52  4:00  Drone x2  
  51  4:09  Hatchery  
  50  4:15  Drone x2  
  52  4:20  Extractor  
  52  4:21  Zerg Missile Weapons Level 1  
  52  4:22  Roach Warren  
  52  4:23  Drone  
  51  4:24  Drone  
  51  4:26  Drone  
  51  4:30  Drone x2  
  55  4:33  Overlord  
  55  4:35  Drone  
  55  4:44  Zergling x4  
  56  4:54  Overlord  
  56  4:57  Zergling x2  
  56  4:59  Extractor  
  55  5:02  Zergling x4  
  55  5:03  Zergling x4  
  55  5:18  Roach  
  55  5:19  Roach x3  
  63  5:21  Roach x2  
  63  5:23  Baneling  
  66  5:29  Roach  
  66  5:30  Roach x5  
  71  5:39  Roach x3  
  75  5:44  Drone x2  
  75  5:46  Drone  
  75  5:48  Queen  
  78  5:52  Lair  
  78  5:57  Zergling x2  
  78  5:58  Drone x6  
  78  6:00  Drone  
  86  6:06  Roach x2  
  86  6:09  Overlord  
  90  6:16  Baneling x2  
  90  6:28  Drone x8  
  96  6:33  Overlord  
  96  6:35  Overlord x2  
  96  6:38  Queen  
  98  6:46  Roach x2  
  98  6:53  Extractor  
  97  6:54  Glial Reconstitution  
  97  6:55  Extractor  
  97  6:56  Roach  
  98  7:02  Overlord  
  98  7:04  Roach x6  
  98  7:08  Overseer  
  110  7:14  Roach x2  
  114  7:20  Overlord x3  
  114  7:23  Roach x3  
  120  7:30  Roach  
  120  7:31  Roach x3  
  120  7:35  Overlord x2  
  128  7:38  Roach x3  
  134  7:46  Roach x3  
  140  7:54  Roach x5  
  140  7:56  Overlord  
  152  7:58  Roach  
  152  8:00  Roach  
  154  8:06  Ravager  
  154  8:11  Roach x5  
  165  8:14  Overlord  
  165  8:18  Overlord  
  165  8:23  Ravager  
  165  8:24  Roach x2  
  168  8:29  Roach x2  
Show
View Real Time Build Order
Export as new Build Order

Solar Zerg 

Build Orders: Hatch First 

Get SALT Encoding   

  12  0:00  Drone  
  13  0:12  Overlord  
  13  0:17  Drone  
  14  0:31  Drone x2  
  16  0:48  Hatchery  
  15  0:51  Drone  
  15  0:54  Drone  
  17  0:58  Drone  
  18  1:08  Extractor  
  17  1:13  Spawning Pool  
  17  1:16  Drone  
  17  1:20  Drone  
  18  1:28  Drone  
  19  1:39  Drone  
  20  1:50  Drone  
  21  2:01  Queen x2  
  21  2:02  Zergling x2  
  21  2:04  Overlord  
  26  2:11  Zergling x2, Metabolic Boost  
  26  2:12  Drone  
  28  2:22  Spore Crawler  
  27  2:23  Drone x2  
  30  2:32  Baneling Nest  
  30  2:35  Zergling x4  
  31  2:44  Zergling x2  
  31  2:45  Overlord  
  32  2:57  Zergling x2  
  33  2:59  Zergling x2  
  33  3:05  Zergling x4  
  36  3:09  Zergling x12  
  42  3:15  Baneling  
  42  3:16  Baneling  
  42  3:17  Zergling x2  
  43  3:24  Hatchery  
  42  3:28  Overlord  
  42  3:32  Drone  
  43  3:37  Baneling x2  
  43  3:38  Drone  
  43  3:39  Drone  
  43  3:47  Drone  
  43  3:48  Drone x2  
  46  3:50  Drone  
  46  3:51  Drone  
  46  3:53  Drone  
  49  3:58  Overlord  
  49  4:02  Drone  
  50  4:03  Drone  
  51  4:13  Evolution Chamber  
  51  4:15  Overlord  
  51  4:16  Drone  
  51  4:17  Drone x3  
  53  4:24  Queen  
  53  4:26  Drone  
  53  4:30  Zergling x4  
  53  4:31  Drone  
  58  4:35  Baneling  
  58  4:36  Drone  
  58  4:38  Drone  
  58  4:39  Zergling x2  
  60  4:51  Drone x2  
  60  4:52  Zergling x12  
  67  4:58  Zergling x4  
  68  5:06  Zergling x4  
  68  5:09  Zergling x2  
  66  5:14  Drone  
  66  5:16  Drone  
  66  5:21  Zerg Missile Weapons Level 1  
  66  5:22  Lair  
  66  5:23  Drone x2, Roach Warren  
  66  5:24  Extractor x2  
  66  5:25  Baneling, Drone  
  66  5:26  Baneling, Drone  
  66  5:27  Drone  
  68  5:28  Drone  
  68  5:29  Drone  
  68  5:31  Drone  
  68  5:34  Drone  
  68  5:35  Drone  
  68  5:38  Drone  
  68  5:40  Drone  
  61  5:46  Zergling x2  
  60  5:51  Zergling x10  
  60  5:54  Zergling x4  
  60  5:55  Zergling x2, Spine Crawler  
  67  6:03  Roach x3  
  73  6:05  Overlord  
  73  6:06  Overlord  
  73  6:09  Baneling x2  
  73  6:10  Overlord  
  73  6:16  Overlord  
  72  6:18  Roach  
  72  6:20  Roach  
  72  6:22  Glial Reconstitution  
  72  6:24  Roach x2  
  75  6:27  Zergling x2  
  75  6:28  Zergling x10  
  75  6:31  Roach  
  79  6:35  Roach x2  
  79  6:37  Roach  
  85  6:41  Roach  
  85  6:45  Roach  
  85  6:46  Roach  
  79  6:51  Roach  
  79  6:52  Roach  
  82  6:57  Drone x3  
  85  7:05  Drone  
  86  7:10  Roach x2  
  86  7:15  Overlord  
  90  7:19  Drone x2  
  91  7:23  Extractor  
  91  7:26  Drone x4  
  91  7:29  Drone  
  95  7:30  Drone  
  95  7:36  Overseer, Extractor  
  95  7:37  Drone  
  95  7:40  Drone  
  95  7:41  Evolution Chamber  
  95  7:43  Drone x4  
  100  7:44  Drone x2  
  100  7:45  Drone, Hatchery  
  100  7:49  Extractor  
  100  7:50  Drone  
  102  7:53  Roach x2  
  102  7:55  Drone x3  
  109  8:00  Overlord  
  109  8:03  Overlord  
  109  8:08  Drone  
  109  8:11  Roach  
  109  8:12  Overlord  
  112  8:14  Ravager, Overlord  
  112  8:19  Roach x4  
  121  8:24  Roach, Ravager  
  121  8:25  Roach  
  121  8:26  Roach  
Tags
 
Add a new tag
Caveats
  • Supply blocks, unpowered buildings, or Contaminate may cause inaccurate times.
  • Supply counts are checked every 10 seconds.